Map: Arctic Dream LE

Players

qqq

  • Race: Zerg Zerg
  • Spawn Location: 6:00

Massa

  • Race: Terran Terran
  • League: Platinum
  • Spawn Location: 5:00

Zuko - Winner!

  • Race: Terran Terran
  • League: Diamond
  • Spawn Location: 12:00

Malus - Winner!

  • Race: Zerg Zerg
  • League: Diamond
  • Spawn Location: 11:00

VOD

Have the link to the VOD?

Description

Time

  • Played on: Feb. 25, 2021, 5:13 p.m.
  • Length: 14:51
Show
View Real Time Build Order
Export as new Build Order

qqq Zerg 

Build Orders: Hatch First, Lurkers 

Get SALT Encoding   

  12  0:00  Drone  
  13  0:09  Drone  
  14  0:24  Overlord  
  14  0:58  Hatchery, Drone  
  14  0:59  Drone  
  14  1:01  Drone  
  16  1:19  Drone, Extractor, Spawning Pool  
  16  1:25  Drone  
  16  1:35  Drone  
  17  1:45  Drone  
  18  1:54  Drone  
  19  2:10  Drone  
  19  2:12  Queen x2  
  19  2:14  Drone  
  25  2:25  Overlord  
  25  2:26  Metabolic Boost  
  25  2:28  Drone  
  26  2:33  Drone  
  26  2:37  Drone  
  28  2:44  Drone, Evolution Chamber  
  28  2:46  Drone  
  29  3:01  Zergling x6  
  32  3:11  Zergling x2  
  32  3:12  Zerg Melee Weapons Level 1  
  33  3:14  Overlord  
  33  3:15  Zergling x2  
  34  3:20  Zergling x2  
  34  3:25  Zergling x2  
  36  3:35  Zergling x2  
  37  3:43  Zergling x2, Overlord  
  38  3:49  Drone  
  38  3:50  Zergling x6  
  42  3:56  Hatchery  
  42  3:58  Lair  
  42  4:00  Zergling x2  
  42  4:05  Zergling x4  
  42  4:07  Zergling x2  
  45  4:10  Zergling x2  
  45  4:12  Zergling x2  
  47  4:19  Zergling x6  
  47  4:23  Overlord  
  50  4:33  Drone, Zergling x2  
  50  4:34  Baneling Nest  
  49  4:51  Zergling x12  
  49  4:52  Zergling x8  
  47  5:01  Zergling x4  
  33  5:20  Baneling x2  
  33  5:21  Baneling x3  
  28  5:22  Drone x7  
  28  5:28  Baneling x2  
  35  5:35  Drone x2  
  37  5:37  Drone  
  28  5:59  Drone x5  
  28  6:03  Extractor  
  32  6:06  Extractor  
  32  6:07  Drone x3  
  32  6:08  Drone x2  
  32  6:09  Zergling x2  
  37  6:19  Drone x2  
  39  6:26  Drone  
  39  6:31  Extractor  
  39  6:33  Drone  
  39  6:34  Drone x6  
  39  6:38  Baneling x2  
  46  6:41  Zergling x4  
  48  6:56  Hatchery  
  48  6:58  Zergling x4  
  49  7:05  Drone x2  
  49  7:06  Drone x3  
  54  7:15  Overlord x2  
  54  7:24  Spire  
  54  7:26  Drone  
  54  7:27  Infestation Pit  
  53  7:46  Zerg Ground Armor Level 1  
  53  7:53  Drone x2  
  53  7:54  Drone x5  
  53  7:55  Drone x2  
  53  7:58  Overlord x2  
  62  8:03  Hive  
  63  8:12  Drone  
  63  8:13  Queen  
  65  8:24  Spore Crawler  
  65  8:26  Zergling x14  
  65  8:27  Zergling x4  
  73  8:38  Drone  
  73  8:39  Drone x3, Evolution Chamber  
  76  8:41  Extractor x2  
  74  8:52  Drone x2, Hydralisk Den  
  74  8:53  Drone x2  
  74  8:54  Zergling x4  
  74  8:55  Zergling x4  
  81  8:59  Hatchery  
  80  9:08  Drone  
  81  9:27  Overlord  
  81  9:28  Overlord x5  
  81  9:35  Ultralisk Cavern  
  81  9:38  Overseer  
  80  9:40  Pneumatized Carapace  
  77  9:45  Hydralisk x2, Muscular Augments  
  77  9:46  Hydralisk x4  
  77  9:47  Hydralisk  
  77  9:48  Lurker Den  
  89  9:54  Drone x4  
  89  9:55  Drone  
  94  10:07  Drone  
  94  10:08  Hydralisk  
  94  10:09  Hydralisk  
  99  10:15  Zerg Melee Weapons Level 2  
  99  10:16  Zerg Ground Armor Level 2  
  93  10:49  Lurker x6  
  99  10:50  Anabolic Synthesis  
  99  10:53  Zergling x4, Ultralisk x2  
  99  10:54  Drone x3, Zergling x4  
  99  10:55  Drone x2  
  118  11:04  Hydralisk  
  118  11:09  Lurker x2  
  122  11:17  Spine Crawler x2  
  120  11:27  Drone x5  
  120  11:31  Spine Crawler x2  
  120  11:32  Hatchery  
  73  12:04  Hydralisk x6  
  73  12:07  Ultralisk x2  
  73  12:08  Zergling x8  
  99  12:09  Zergling x4  
  100  12:23  Hydralisk x2, Ultralisk  
  100  12:26  Drone  
  100  12:27  Drone x2  
  112  12:30  Extractor  
  112  12:32  Extractor  
  112  12:34  Spine Crawler  
  92  12:54  Zergling x4  
  92  12:55  Zergling x10  
  92  12:56  Zergling x6  
  92  13:07  Zergling x2  
  92  13:08  Zergling x8  
  92  13:11  Hatchery  
  84  13:13  Ultralisk Cavern  
  76  13:21  Overlord x3  
  76  13:23  Drone x3  
  76  13:24  Drone  
  18  13:49  Drone x6  
  24  13:59  Drone  
  24  14:00  Drone x2  
  21  14:36  Hatchery  
Show
View Real Time Build Order
Export as new Build Order

Massa Terran 

Build Orders: 2 Factory, Reaper Expand 

Get SALT Encoding   

  12  0:00  SCV  
  13  0:12  SCV  
  14  0:17  Supply Depot  
  14  0:25  SCV  
  15  0:38  SCV  
  15  0:39  Barracks  
  16  0:50  SCV  
  17  0:59  Refinery  
  17  1:03  SCV  
  18  1:19  SCV  
  19  1:32  Orbital Command  
  19  1:39  Command Center  
  19  1:51  Reaper  
  20  2:00  SCV  
  20  2:01  Supply Depot  
  21  2:13  SCV  
  22  2:24  Factory  
  22  2:25  SCV, Marine  
  24  2:38  SCV  
  25  2:44  Barracks Reactor  
  25  2:50  SCV  
  26  3:02  Refinery, SCV  
  27  3:12  Command Center  
  27  3:14  SCV  
  27  3:18  Factory  
  28  3:34  Barracks Tech Lab  
  28  3:36  Hellion  
  28  3:37  Hellion  
  28  3:38  SCV  
  33  3:45  Supply Depot  
  33  3:46  Supply Depot  
  33  3:50  SCV, Orbital Command  
  35  3:58  Hellion x2  
  35  4:02  SCV  
  39  4:11  Barracks Tech Lab  
  39  4:14  SCV  
  39  4:15  Hellion  
  39  4:16  Infernal Pre-Igniter  
  42  4:19  Hellion  
  44  4:26  SCV x2  
  44  4:27  SCV  
  49  4:31  Hellion  
  49  4:38  SCV x2  
  49  4:39  SCV, Hellion  
  49  4:41  Hellion  
  51  4:54  Hellion  
  53  5:01  Hellion  
  53  5:02  Hellion  
  57  5:15  Hellion  
  59  5:21  SCV  
  59  5:22  SCV x2, Hellion  
  59  5:23  Hellion  
  66  5:34  SCV x2  
  68  5:37  Hellion  
  66  5:43  Hellion  
  66  5:55  Hellion  
  66  5:56  SCV  
  66  5:57  SCV x2  
  70  5:58  Hellion  
  73  6:06  Barracks  
  73  6:08  Barracks x2, Supply Depot  
  73  6:09  SCV x3, Barracks  
  73  6:10  Supply Depot x2  
  76  6:12  Supply Depot x2  
  76  6:13  Starport  
  76  6:21  SCV  
  77  6:30  SCV  
  77  6:32  SCV, Supply Depot  
  79  6:33  SCV, Supply Depot  
  79  6:34  Refinery  
  79  6:35  Supply Depot x2  
  79  6:38  Refinery  
  80  6:57  Supply Depot  
  80  6:59  SCV x3  
  83  7:09  Starport Reactor  
  83  7:10  Engineering Bay  
  83  7:11  Barracks Reactor, Barracks Tech Lab  
  83  7:12  Barracks Tech Lab  
  83  7:13  Marauder, Siege Tank  
  83  7:14  Widow Mine x2, Engineering Bay  
  92  7:34  Marauder  
  92  7:35  Widow Mine  
  92  7:45  Siege Tank  
  95  7:53  Marauder, Marine  
  95  7:54  Marauder  
  95  7:57  Stimpack  
  95  7:58  Concussive Shells  
  100  7:59  Barracks Tech Lab  
  100  8:00  Marauder, Marine  
  103  8:06  Orbital Command  
  103  8:08  SCV x2  
  103  8:11  Marine  
  106  8:13  Medivac x2  
  106  8:15  Marauder x2  
  106  8:17  Siege Tank  
  106  8:18  Widow Mine  
  106  8:19  Widow Mine  
  121  8:20  SCV x2  
  123  8:30  Missile Turret  
  123  8:32  SCV x2  
  123  8:33  SCV, Missile Turret  
  126  8:38  Terran Infantry Armor Level 1  
  126  8:40  Widow Mine  
  128  8:42  Armory  
  128  8:43  Refinery, Medivac  
  128  8:44  Refinery, SCV x2  
  128  8:48  Marauder x4, Marine  
  140  8:50  Siege Tank  
  140  8:54  Missile Turret  
  144  9:02  Command Center  
  144  9:09  Marauder x3  
  147  10:26  Marauder  
  147  10:27  Marauder x3, Marine x2  
  157  10:36  Widow Mine  
  157  10:53  Marine x2  
  157  10:54  Marine  
  157  10:55  Widow Mine, Marauder x2  
  156  11:01  SCV  
  156  11:03  SCV x2  
  157  11:07  Terran Vehicle Weapons Level 1  
  157  11:08  Terran Infantry Armor Level 2, Terran Infantry Weapons Level 1, Supply Depot x3  
  157  11:09  Widow Mine, Siege Tank  
  157  11:10  Supply Depot  
  157  11:11  Supply Depot  
  162  11:13  SCV  
  162  11:14  Supply Depot  
  162  11:15  SCV x2  
  162  11:16  Widow Mine  
  162  11:17  Smart Servos  
  167  11:25  SCV  
  168  11:27  Command Center  
  168  11:30  Widow Mine  
  168  11:34  Supply Depot  
  168  11:35  Supply Depot  
  168  11:37  Supply Depot x2  
  168  11:40  Planetary Fortress  
  168  11:41  Siege Tank  
  168  11:43  SCV x3  
  168  11:55  SCV x2  
  136  12:13  Marauder x3, Siege Tank  
  136  12:14  Marauder, Marine x2  
  127  12:30  Barracks x2  
  127  12:31  Barracks, Marine  
  127  12:32  Barracks, Marine  
  127  12:34  Marauder  
  127  12:35  Drilling Claws, Marauder x3  
  137  12:45  Siege Tank  
  137  12:49  Marine  
  137  12:50  Marine  
  142  12:52  Refinery x2, SCV x4  
  142  12:56  Marauder x4  
  152  13:04  SCV x3, Liberator x2  
  162  13:07  Marine  
  162  13:16  SCV  
  163  13:23  Command Center  
  163  13:31  Barracks Reactor, Barracks Tech Lab  
  163  13:32  Barracks Reactor, Barracks Tech Lab  
  161  13:47  Liberator, Medivac  
  164  13:57  Marauder x3  
  164  13:58  Marauder x3, Marine x2  
  176  14:15  Marine  
  176  14:16  Marine  
  178  14:17  Medivac  
  178  14:18  Marauder, Marine x2  
  178  14:19  Marauder  
  186  14:25  Marauder, Marine  
  186  14:26  Marauder, Marine x3  
Show
View Real Time Build Order
Export as new Build Order

Zuko Terran - Winner!

Build Orders: 2 Factory, Hellion Opening, Mech 

Get SALT Encoding   

  12  0:00  SCV  
  13  0:12  SCV  
  14  0:17  Supply Depot  
  14  0:24  SCV  
  14  0:28  Refinery  
  15  0:39  SCV  
  16  0:45  Barracks  
  16  0:51  SCV  
  17  1:03  SCV  
  18  1:24  SCV  
  19  1:33  Factory, Marine  
  19  1:36  Orbital Command  
  20  1:47  Supply Depot  
  20  1:56  Barracks Reactor  
  20  2:09  SCV  
  20  2:13  Supply Depot  
  21  2:25  SCV  
  21  2:28  Command Center  
  22  2:39  SCV  
  22  2:42  Factory  
  23  2:44  Barracks Tech Lab  
  23  2:49  Hellion  
  25  2:51  SCV  
  26  2:59  Hellion  
  26  3:04  Refinery, SCV  
  29  3:11  Hellion  
  31  3:16  SCV  
  31  3:18  Supply Depot  
  32  3:25  Hellion  
  34  3:28  SCV  
  35  3:35  Armory  
  35  3:39  Hellion  
  37  3:44  Orbital Command  
  37  3:59  Hellion x2  
  37  4:01  Infernal Pre-Igniter  
  41  4:13  SCV  
  41  4:14  SCV  
  43  4:19  Engineering Bay  
  43  4:24  Thor  
  49  4:34  Hellion  
  51  4:57  Hellion x2  
  55  5:00  SCV x2  
  53  5:17  Thor  
  53  5:18  SCV  
  53  5:19  SCV  
  51  5:30  SCV, Hellion x2  
  56  5:40  Drilling Claws  
  56  5:41  Command Center  
  56  5:42  Factory  
  56  5:50  SCV x2  
  56  5:51  Widow Mine x2  
  56  5:52  Refinery  
  56  5:54  Refinery  
  62  6:07  Supply Depot x2  
  62  6:28  SCV x2  
  62  6:29  Hellion x2  
  68  6:34  Factory Tech Lab, Supply Depot  
  66  6:40  SCV x2  
  66  6:43  Missile Turret  
  66  6:44  Missile Turret  
  66  6:45  Starport, Terran Vehicle Weapons Level 1  
  68  6:49  Thor  
  68  6:52  SCV x2  
  76  6:58  Hellbat x2  
  80  7:05  SCV x2  
  82  7:08  Siege Tank  
  85  7:18  SCV x2  
  85  7:19  Factory  
  85  7:20  Factory  
  85  7:22  Viking  
  89  7:27  Orbital Command  
  89  7:33  Hellion x2  
  93  8:04  Thor  
  93  8:05  Hellion  
  101  8:08  Factory Tech Lab  
  101  8:09  Supply Depot x2  
  101  8:10  Factory Tech Lab  
  101  8:18  Starport Reactor  
  101  8:24  Armory  
  101  8:28  Missile Turret x2  
  101  8:30  SCV x3, Thor  
  101  8:31  Hellion x2  
  101  8:32  Missile Turret  
  114  8:38  Supply Depot  
  114  8:42  SCV  
  115  8:59  Hellbat  
  115  9:00  SCV x2, Thor  
  125  9:03  Supply Depot  
  125  9:21  Supply Depot  
  125  9:22  Supply Depot  
  125  9:24  SCV x2, Siege Tank  
  125  9:25  Command Center, Hellbat  
  132  9:38  Siege Tank  
  133  9:40  Supply Depot  
  133  9:42  Supply Depot, Siege Tank  
  133  9:43  Missile Turret, Supply Depot  
  133  9:44  Missile Turret  
  133  9:45  Missile Turret, Supply Depot  
  136  9:46  Thor, Missile Turret  
  142  9:54  Widow Mine x2  
  146  10:02  Terran Vehicle Weapons Level 2  
  146  10:03  Terran Vehicle And Ship Armor Level 1  
  146  10:07  Supply Depot x2  
  146  10:08  Supply Depot  
  146  10:24  Siege Tank x2  
  154  10:28  Hellion  
  154  10:29  Refinery, Hellion x2  
  154  10:30  Hellion  
  156  10:52  Siege Tank  
  156  10:53  Hellion x2, Siege Tank  
  156  10:54  SCV x3  
  156  10:56  Siege Tank  
  172  11:06  SCV  
  173  11:39  SCV x3  
  176  11:42  Thor x2  
  176  11:43  Siege Tank  
  176  11:44  Hellion  
  176  11:45  Refinery, Hellion  
  116  12:19  Siege Tank x2  
  122  12:25  Siege Tank, Supply Depot  
  122  12:26  Supply Depot  
  122  12:27  Supply Depot  
  125  12:30  Viking x2  
  125  12:32  Hellion x3  
  125  12:35  Planetary Fortress  
  135  12:37  SCV x2  
  137  12:52  Hellion x2  
  137  12:53  Hellion x2  
  137  12:56  Supply Depot x2  
  141  13:08  Siege Tank x2  
  147  13:13  Siege Tank x2  
  147  13:15  Refinery, SCV x4  
  147  13:16  Refinery  
  144  13:40  Siege Tank  
  146  13:56  Command Center  
  146  14:01  Command Center, Siege Tank  
  146  14:02  Hellion, Siege Tank x2  
  159  14:03  Hellion  
  159  14:12  Siege Tank  
  160  14:24  Hellion x2  
Show
View Real Time Build Order
Export as new Build Order

Malus Zerg - Winner!

Build Orders: Hatch First, Lurkers 

Get SALT Encoding   

  12  0:00  Drone  
  13  0:12  Overlord  
  13  0:21  Drone  
  14  0:31  Drone x2  
  16  0:50  Hatchery  
  16  0:52  Drone  
  16  0:57  Drone  
  16  1:04  Drone  
  18  1:11  Extractor  
  17  1:17  Spawning Pool  
  16  1:18  Drone  
  16  1:21  Drone  
  18  1:28  Drone  
  19  1:40  Drone  
  20  1:51  Overlord  
  20  2:02  Drone  
  20  2:05  Queen  
  20  2:06  Queen  
  20  2:07  Drone  
  26  2:11  Metabolic Boost  
  26  2:15  Zergling x4  
  28  2:22  Drone  
  29  2:32  Baneling Nest  
  29  2:35  Drone  
  29  2:36  Drone x2  
  31  2:46  Drone  
  31  2:49  Overlord  
  32  2:55  Drone  
  33  3:03  Zergling x2  
  35  3:05  Zergling x2  
  35  3:10  Hatchery  
  34  3:16  Zergling x10  
  39  3:22  Zergling x6  
  42  3:38  Zergling x4  
  42  3:40  Overlord  
  44  3:45  Overlord  
  44  4:06  Baneling x5  
  44  4:07  Baneling x2  
  44  4:08  Zergling x12  
  50  4:22  Zergling x10  
  50  4:23  Zergling x4  
  57  4:42  Zergling x10  
  58  4:54  Zergling x2  
  58  4:55  Zergling x10  
  60  5:03  Zergling x4  
  60  5:07  Zergling x4  
  61  5:10  Zergling x2  
  61  5:12  Queen  
  65  5:18  Zergling x2  
  65  5:21  Baneling x5  
  65  5:22  Baneling x3, Overlord x2  
  37  5:44  Zergling x8  
  37  5:45  Zergling x8  
  42  6:00  Roach Warren  
  41  6:04  Drone x4  
  41  6:05  Drone, Zergling x2  
  41  6:06  Zergling x2, Evolution Chamber  
  47  6:13  Drone  
  47  6:14  Drone, Spine Crawler  
  47  6:15  Spine Crawler  
  47  6:20  Drone  
  47  6:21  Drone  
  47  6:23  Drone  
  50  6:26  Drone  
  49  6:56  Roach x4  
  49  6:57  Roach x7  
  49  6:59  Drone  
  49  7:00  Drone  
  73  7:03  Extractor  
  73  7:04  Extractor  
  73  7:05  Drone x2  
  73  7:08  Drone  
  74  7:10  Drone  
  74  7:11  Drone  
  74  7:13  Drone  
  74  7:15  Drone  
  78  7:18  Drone  
  79  7:22  Lair  
  79  7:24  Drone  
  80  7:37  Baneling x3  
  80  7:38  Drone x2  
  73  8:01  Drone x2  
  73  8:02  Drone x3  
  73  8:05  Drone x3, Extractor  
  81  8:06  Drone  
  81  8:07  Extractor  
  80  8:16  Extractor, Drone  
  80  8:17  Drone  
  80  8:19  Overlord x4  
  81  8:24  Overlord  
  81  8:36  Infestation Pit  
  81  8:37  Hatchery  
  81  8:38  Drone x3  
  81  8:39  Hydralisk Den  
  81  8:42  Drone x3  
  81  8:43  Drone x3  
  81  8:45  Drone x3  
  81  8:46  Drone x2  
  92  8:51  Glial Reconstitution  
  92  8:52  Zerg Missile Weapons Level 1  
  92  8:55  Drone  
  92  8:56  Drone x2  
  92  8:59  Evolution Chamber  
  94  9:03  Spore Crawler  
  94  9:06  Roach x2  
  94  9:07  Roach x4  
  105  9:11  Spore Crawler  
  105  9:16  Spore Crawler x2  
  102  9:18  Hive  
  102  9:19  Muscular Augments  
  102  9:42  Zerg Ground Armor Level 1  
  102  9:47  Spine Crawler  
  102  9:49  Hydralisk x2  
  102  9:50  Hydralisk x3  
  102  9:52  Drone x5  
  116  9:53  Drone x5  
  116  9:54  Drone  
  122  10:02  Overlord x3  
  120  10:23  Roach x4  
  120  10:24  Roach x6  
  120  10:25  Roach x2  
  144  10:31  Grooved Spines  
  140  10:39  Roach x5  
  136  10:49  Roach x3  
  144  10:50  Roach  
  140  11:01  Hydralisk x2  
  140  11:02  Overlord  
  140  11:03  Overlord x2  
  144  11:06  Zerg Missile Weapons Level 2  
  144  11:15  Lurker Den, Overseer  
  144  11:17  Extractor  
  142  11:20  Drone x3, Extractor  
  142  11:21  Pneumatized Carapace  
  142  11:23  Overseer  
  142  11:24  Drone x4  
  142  11:25  Drone x3  
  151  11:32  Drone x2  
  152  11:42  Drone x3  
  152  11:43  Drone  
  152  11:44  Drone x6, Spine Crawler x2  
  160  11:47  Drone, Spine Crawler  
  160  11:48  Drone, Spore Crawler  
  160  11:49  Spine Crawler  
  159  11:56  Roach  
  159  11:57  Roach  
  159  12:00  Roach x2  
  167  12:06  Overlord x2  
  167  12:21  Overlord x3  
  161  12:40  Roach x3  
  161  12:41  Roach x7  
  165  13:00  Hydralisk x4  
  165  13:01  Hydralisk x4  
  177  13:10  Hydralisk x4  
  183  13:15  Hydralisk x2  
  183  13:16  Hydralisk x2  
  189  13:34  Hydralisk x3  
  187  13:36  Lurker x2  
  187  13:37  Lurker x5  
  187  13:40  Hydralisk x4  
  187  13:41  Hydralisk  
  166  13:58  Overseer  
  166  13:59  Overseer x4  
  168  14:02  Roach  
  168  14:03  Roach x7  
  182  14:18  Roach x4  
  182  14:19  Roach x3  
  182  14:20  Hatchery  
  182  14:21  Ravager x5  
Tags
 
Add a new tag
Caveats
  • Supply blocks, unpowered buildings, or Contaminate may cause inaccurate times.
  • Supply counts are checked every 10 seconds.